 Dungeon Crawl Stone Soup version 0.21.0-37-g46506fa (webtiles) character file.

10388 Mgcat the Geomancer (level 11, -7/64 HPs)
             Began as a Deep Elf Earth Elementalist on Feb 1, 2018.
             Was a Priest of Vehumet.
             Mangled by a skeletal warrior
             ... wielding a +0 battleaxe
              (30 damage)
             ... on level 10 of the Dungeon.
             The game lasted 00:41:46 (16619 turns).

Mgcat the Geomancer (Deep Elf Earth Elementalist)  Turns: 16619, Time: 00:41:46

Health: -7/64      AC:  7    Str:  5    XL:     11   Next: 35%
Magic:  0/25       EV: 17    Int: 24    God:    Vehumet [***...]
Gold:   351        SH:  0    Dex: 15    Spells: 14/26 levels left

rFire    . . .     SeeInvis +   e - +10 hunting sling of the Scavenger {speed, +Fly rC+}
rCold    . . .     Gourm    .   (no shield)
rNeg     + + .     Faith    .   N - +2 leather armour of the Ageless Friends {+Blink rC- rN++ SInv}
rPois    .         Spirit   .   (no helmet)
rElec    .         Reflect  .   (no cloak)
rCorr    .         Harm     .   f - +0 pair of gloves
MR       +....                  g - +0 pair of boots
Stlth    +++.......             (no amulet)
HPRegen  0.20/turn              p - ring of stealth
MPRegen  0.19/turn              (no ring)

@: no status effects
A: no striking features
a: Renounce Religion, Evoke Blink, Evoke Flight


You were on level 10 of the Dungeon.
You worshipped Vehumet.
Vehumet was most pleased with you.
You were very hungry.

You visited 2 branches of the dungeon, and saw 12 of its levels.

You collected 607 gold pieces.
You spent 256 gold pieces at shops.

Inventory:

Hand Weapons
 e - the +10 hunting sling of the Scavenger (weapon) {speed, +Fly rC+}
   (You bought it in a shop on level 5 of the Dungeon)

   Attacks with this weapon are significantly faster.
   It protects you from cold.
   It lets you fly.
Missiles
 b - 295 stones
 y - 30 sling bullets (quivered)
Armour
 f - a +0 pair of gloves (worn)
 g - a +0 pair of boots (worn)
 n - a +1 robe of fire resistance
 N - the +2 leather armour of the Ageless Friends (worn) {+Blink rC- rN++ SInv}
   (You found it on level 9 of the Dungeon)

   It makes you vulnerable to cold.
   It greatly protects you from negative energy.
   It lets you see invisible.
   It lets you blink.
Jewellery
 p - a ring of stealth (left hand)
Wands
 h - a wand of acid (10)
 t - a wand of paralysis (15)
 v - a wand of flame (28)
 D - a wand of random effects (18)
 K - a wand of polymorph (7)
 M - a wand of digging (6)
Scrolls
 c - a scroll of holy word {unknown}
 j - 2 scrolls of teleportation
 q - 6 scrolls of fog
 z - a scroll of magic mapping
 E - 4 scrolls of remove curse
 F - 2 scrolls of amnesia
 H - a scroll of enchant weapon
Potions
 a - 6 potions of agility
 i - a potion of lignification
 k - 5 potions of flight
 l - 7 potions of curing
 m - 2 potions of heal wounds
 o - 6 potions of brilliance
 r - a potion of invisibility
 s - a potion of resistance
 u - a potion of magic
 x - 2 potions of might
 A - a potion of mutation
 B - a potion of ambrosia {unknown}
 C - 2 potions of cancellation {unknown}
 G - a potion of berserk rage {unknown}
 L - a potion of haste {unknown}
Comestibles
 d - 14 rations


   Skills:
 + Level 6.3 Fighting
 + Level 2.2 Armour
 + Level 9.6 Dodging
 - Level 2.4 Stealth
 - Level 8.1 Spellcasting
 + Level 8.6 Conjurations
 - Level 1.1 Transmutations
 + Level 3.2 Fire Magic
 + Level 10.9 Earth Magic


You had 14 spell levels left.
You knew the following spells:

 Your Spells              Type           Power        Failure   Level  Hunger
a - Sandblast             Erth           ######       1%          1    None
b - Stone Arrow           Conj/Erth      ######       1%          3    None
c - Lee's Rapid Deconstr  Erth           ######....   1%          5    #####..
d - Ignite Poison         Fire/Tmut/Pois ###.....     4%          3    None


Dungeon Overview and Level Annotations

Branches:
Dungeon (11/15)            Temple (1/1) D:4            Lair (0/6) D:11
    Orc: D:9-12

Altars:
Ashenzari
Cheibriados
Dithmenos
Elyvilon
Fedhas
Gozag
Hepliaklqana
Kikubaaqudgha
Makhleb
Nemelex Xobeh
Okawaru
Qazlal
Ru
Sif Muna
Trog
Uskayaw
Vehumet
Wu Jian
Xom
Yredelemnul
Zin
The Shining One

Shops:
D:5 *


Message History

Unknown command.
Casting: Lee's Rapid Deconstruction
Confirm with . or Enter, or press ? or * to list all spells.
Aiming: Stone Arrow
Press: ? - help, Shift-Dir - straight line, f - skeletal warrior
Aim: a skeletal warrior, wielding a battleaxe (almost destroyed)
The stone arrow misses the skeletal warrior.
Casting: Stone Arrow
Confirm with . or Enter, or press ? or * to list all spells.
You don't have enough magic to cast that spell.
Unknown command.
You are too injured to fight recklessly!
Firing (i - inventory. (,) - cycle):
y - 31 sling bullets (quivered)
Press: ? - help, Shift-Dir - straight line, f/p - skeletal warrior
Aim: a skeletal warrior, wielding a battleaxe (almost destroyed)
You shoot a sling bullet.
The sling bullet hits the skeletal warrior but does no damage.
The skeletal warrior is almost destroyed.
The skeletal warrior hits you with a battleaxe!!
You die...

#..........####....#....######
#........###
##....####...##.## #........#
##.....## ###.....# ###.....##
#.......# ###...# ##...##
##.......# ##.... ##..#
#.......## #...). ####
#.......# ##..... ##.......#
#...... #...@...## #......
#...z...# ##...... #..)>..##
#....... #.....## #.......
###.#.# #....... #### ###.#
#....... ##..### #..# ##......
##.....###..# ### ###....
######.......##.####.### ##...


You could see a skeletal warrior.

Vanquished Creatures
  Erica (D:8)
  4 two-headed ogres
  A skeletal warrior (D:10)
  Pikel (D:8)
  Joseph (D:8)
  A merfolk (D:9)
  A hornet (D:8)
  Prince Ribbit (D:9)
  A hippogriff (D:10)
  Sigmund (D:6)
  A wraith (D:10)
  A basilisk (D:10)
  A hungry ghost (D:10)
  Menkaure (D:5)
  A warg (D:10)
  3 orc warriors
  A water moccasin (D:10)
  An ice beast (D:6)
  A sky beast (D:7)
  2 phantoms (D:7)
  2 slaves (D:8)
  7 ogres
  2 centaurs
  A crocodile (D:9)
  2 big kobolds
  4 bullfrogs
  A water moccasin zombie (D:6)
  3 scorpions
  A wyvern skeleton (D:10)
  2 killer bees
  10 wights
  4 howler monkeys
  2 vampire bats (D:6)
  8 crimson imps
  3 hounds
  3 bullfrog zombies
  A quasit (D:7)
  2 jellies
  Crazy Yiuf (D:2)
  An orc priest (D:4)
  2 bullfrog skeletons
  A gnoll shaman (D:4)
  5 iguanas
  5 worker ants
  Terence (D:2)
  4 orc wizards
  9 adders
  11 gnolls (D:4)
  3 howler monkey skeletons
  3 shadow imps
  An ooze (D:6)
  An adder skeleton (D:6)
  3 worms
  9 dart slugs
  6 leopard geckos
  15 orcs
  3 bat skeletons (D:6)
  2 bat zombies (D:6)
  8 giant cockroaches
  4 goblins
  5 hobgoblins
  10 jackals
  5 quokkas
  2 ball pythons
  9 bats
  9 frilled lizards
  19 kobolds
  A quokka zombie (D:7)
  7 rats
  A bush (D:2)
250 creatures vanquished.

Vanquished Creatures (others)
  A slave (D:8)
1 creature vanquished.

Grand Total: 251 creatures vanquished

Notes
Turn   | Place    | Note
-------+----------+-------------------------------------------
     0 | D:1      | Mgcat the Deep Elf Earth Elementalist began the quest for the Orb.
     0 | D:1      | Reached XP level 1. HP: 10/10 MP: 6/6
   211 | D:1      | Reached XP level 2. HP: 15/15 MP: 3/8
   710 | D:1      | Reached skill level 4 in Earth Magic
  1171 | D:2      | Reached XP level 3. HP: 17/19 MP: 10/10
  1210 | D:2      | Noticed Terence
  1212 | D:2      | Learned a level 3 spell: Stone Arrow
  1354 | D:2      | Killed Terence
  1688 | D:2      | Reached XP level 4. HP: 14/24 MP: 10/12
  2364 | D:2      | Found a runed door.
  3317 | D:3      | Reached skill level 5 in Spellcasting
  3899 | D:3      | Found a glowing silver altar of Zin.
  4880 | D:4      | Reached skill level 5 in Earth Magic
  4880 | D:4      | Reached XP level 5. HP: 28/28 MP: 8/14
  4946 | D:3      | Learned a level 5 spell: Lee's Rapid Deconstruction
  5217 | D:4      | Noticed an ogre
  5237 | D:4      | Killed an ogre
  5257 | D:4      | Reached XP level 6. HP: 32/32 MP: 15/17
  5406 | D:4      | Reached skill level 6 in Earth Magic
  5943 | D:4      | Reached XP level 7. HP: 36/36 MP: 15/20
  6281 | D:4      | Reached skill level 1 in Conjurations
  6444 | D:4      | Reached skill level 7 in Earth Magic
  6462 | D:4      | Found a glowing golden altar of the Shining One.
  6493 | D:4      | Found a staircase to the Ecumenical Temple.
  6562 | Temple   | Entered the Ecumenical Temple
  6613 | Temple   | Became a worshipper of Vehumet
  6985 | D:5      | Entered Level 5 of the Dungeon
  7037 | D:5      | Found Hiloy's Assorted Antiques.
  7054 | D:5      | Bought an ichor-stained hunting sling for 175 gold pieces
  7054 | D:5      | Bought a scroll of remove curse for 81 gold pieces
  7055 | D:5      | Identified the +10 hunting sling of the Scavenger {speed, +Fly rC+} (You bought it in a shop on level 5 of the Dungeon)
  7322 | D:2      | Noticed Crazy Yiuf
  7325 | D:2      | Killed Crazy Yiuf
  7625 | D:5      | Noticed Menkaure
  7627 | D:5      | Killed Menkaure
  7627 | D:5      | Reached skill level 1 in Fighting
  8107 | D:6      | Reached XP level 8. HP: 43/43 MP: 14/21
  8156 | D:6      | Noticed Sigmund
  8160 | D:6      | Killed Sigmund
  8557 | D:6      | Reached skill level 8 in Earth Magic
  8813 | D:6      | Reached skill level 5 in Dodging
  9311 | D:6      | Found a shattered altar of Ashenzari.
  9472 | D:6      | Reached * piety under Vehumet
  9472 | D:6      | Offered knowledge of Freeze by Vehumet.
  9476 | D:6      | Reached skill level 5 in Conjurations
  9559 | D:6      | Found an ancient bone altar of Kikubaaqudgha.
  9564 | D:6      | Reached XP level 9. HP: 51/51 MP: 17/22
 10578 | D:7      | Reached skill level 9 in Earth Magic
 11025 | D:7      | Offered knowledge of Throw Frost by Vehumet.
 11027 | D:7      | Reached ** piety under Vehumet
 11227 | D:7      | Found a blossoming altar of Fedhas.
 11231 | D:7      | Found a sparkling altar of Nemelex Xobeh.
 11439 | D:8      | Paralysed by a hornet for 3 turns
 11744 | D:8      | Noticed Joseph
 11754 | D:8      | Noticed a two-headed ogre
 11759 | D:8      | Killed a two-headed ogre
 11759 | D:8      | Reached XP level 10. HP: 58/58 MP: 10/24
 11763 | D:8      | Killed Joseph
 11926 | D:8      | Found an opulent altar of Gozag.
 12172 | D:8      | Found a sacrificial altar of Ru.
 12172 | D:8      | Found a hazy altar of Hepliaklqana.
 12285 | D:8      | Noticed Pikel
 12343 | D:8      | Killed Pikel
 12343 | D:8      | Reached skill level 5 in Fighting
 12521 | D:8      | Noticed Erica
 12531 | D:8      | Killed Erica
 12531 | D:8      | Reached skill level 10 in Earth Magic
 13731 | D:9      | Noticed Prince Ribbit
 13737 | D:9      | Killed Prince Ribbit
 14121 | D:9      | Got a jasper-encrusted leather armour
 14132 | D:9      | Identified the +2 leather armour of the Ageless Friends {+Blink rC- rN++ SInv} (You found it on level 9 of the Dungeon)
 14148 | D:9      | Offered knowledge of Ignite Poison by Vehumet.
 14153 | D:9      | Learned a level 3 spell: Ignite Poison
 14529 | D:10     | Entered Level 10 of the Dungeon
 14688 | D:10     | Noticed a two-headed ogre
 14695 | D:10     | Killed a two-headed ogre
 14695 | D:10     | Reached skill level 1 in Fire Magic
 14768 | D:10     | Reached skill level 1 in Armour
 14933 | D:10     | Reached *** piety under Vehumet
 14933 | D:10     | Reached XP level 11. HP: 64/64 MP: 6/25
 15449 | D:10     | Noticed a two-headed ogre
 15455 | D:10     | Killed a two-headed ogre
 15983 | D:11     | Noticed a two-headed ogre
 15990 | D:11     | Killed a two-headed ogre
 16044 | D:11     | Noticed a skeletal warrior
 16602 | D:11     | Found a staircase to the Lair.
 16602 | D:11     | Noticed a skeletal warrior
 16602 | D:11     | Noticed a skeletal warrior
 16602 | D:11     | Noticed a skeletal warrior
 16617 | D:10     | Killed a skeletal warrior
 16619 | D:10     | Mangled by a skeletal warrior

Skill      XL: |  1  2  3  4  5  6  7  8  9 10 11 |
---------------+----------------------------------+-----
Spellcasting   | 4 5 6 7 8 |  8.1
Earth Magic    | 4 5 6 7 8 9 10 | 10.9
Conjurations   | 3 5 6 8 |  8.6
Dodging        | 3 5 7 9 |  9.6
Fighting       | 1 3 4 5 6 |  6.3
Fire Magic     | 1 3 |  3.2
Armour         | 1 2 |  2.2
Stealth        | |  2.4
Transmutations | |  1.1

Action                   |  1- 3 |  4- 6 |  7- 9 | 10-12 || total
-------------------------+-------+-------+-------+-------++-------
Melee: Mace              |    31 |   292 |     1 |       ||   324
       Short sword       |     3 |       |       |       ||     3
       Unarmed           |     3 |       |       |       ||     3
 Fire: Hunting sling     |       |       |    18 |    26 ||    44
 Cast: Sandblast         |    41 |    64 |    50 |     2 ||   157
       Stone Arrow       |       |       |   123 |   122 ||   245
       Lee's Rapid Decon |       |       |     1 |     6 ||     7
  Use: Scroll            |    10 |     5 |     5 |     7 ||    27
       Potion            |       |     1 |       |       ||     1
 Stab: Sleeping          |       |     6 |       |       ||     6
  Eat: Chunk             |     2 |    10 |    10 |     6 ||    28
       Ration            |       |     1 |     2 |     3 ||     6
Armor: Robe              |    20 |    14 |     4 |       ||    38
       Leather armour    |       |       |       |     9 ||     9
Dodge: Dodged            |    66 |    95 |    25 |    51 ||   237
